 Dungeon Crawl Stone Soup version 0.31.0-11-ge490571c62 (webtiles) character file.

Game seed: 15505111995824084821

6155 Hawk2023 the Grappler (level 10, 0/104 (110) HPs)
             Began as a Troll Shapeshifter on Feb 10, 2024.
             Was a Believer of Makhleb.
             Slain by a troll (12 damage)
             ... on level 10 of the Dungeon.
             The game lasted 00:20:47 (7492 turns).

Hawk2023 the Grappler (Troll Shapeshifter)          Turns: 7492, Time: 00:20:47

HP:   0/104 (110)   AC:  5    Str: 28    XL:     10   Next: 59%
MP:   9/9           EV: 10    Int:  6    God:    Makhleb [**....]
Gold: 516           SH:  0    Dex: 15    Spells: 9/9 levels left

rFire   + .          .
                       - Unarmed
rCold   + . .        (no shield)
rNeg    . . .        K - +1 robe {rF+}
rPois   +            (helmet restricted)
rElec   .            (no cloak)
rCorr   .            (gloves unavailable)
SInv    .            (boots unavailable)
Will    +....        (no amulet)
Stlth   +            u - ring of Foteul {+Blink rC+ Will+ Dex+6}
HPRegen 1.17/turn    t - ring of poison resistance
MPRegen 0.11/turn

%: no passive effects
@: marked, drained
A: large, unfitting armour, claws 3, regeneration 1, shaggy fur 1, tough skin 1
a: Renounce Religion, Evoke Blink, Minor Destruction


You were on level 10 of the Dungeon.
You worshipped Makhleb.
Makhleb was pleased with you.
You visited 2 branches of the dungeon, and saw 11 of its levels.

You collected 516 gold pieces.

Inventory:

Missiles
 J - 4 curare-tipped darts (quivered)
Armour
 K - a +1 robe of fire resistance (worn)
Jewellery
 j - a ring of magical power
 t - a ring of poison resistance (right claw)
 u - the ring of Foteul (left claw) {+Blink rC+ Will+ Dex+6}
   (You found it on level 3 of the Dungeon)

   [ring of dexterity]

   Dex+6:     It affects your dexterity (+6).
   rC+:       It protects you from cold.
   Will+:     It increases your willpower.
   +Blink:    It lets you blink.
 F - a ring of resist corrosion
Talismans
 c - a beast talisman
 d - a flux talisman
Wands
 n - a wand of mindburst (20)
 B - a wand of paralysis (14)
 D - a wand of iceblast (17)
 G - a wand of flame (10)
Scrolls
 e - 8 scrolls of amnesia
 g - 4 scrolls of identify
 i - 2 scrolls of brand weapon
 k - a scroll of fog
 m - 2 scrolls of revelation
 p - a scroll of vulnerability
 q - a scroll of immolation
 r - 3 scrolls of enchant weapon
 s - a scroll of enchant armour {unknown}
 v - a scroll of poison {unknown}
 w - a scroll of blinking {unknown}
 x - a scroll of butterflies {unknown}
 y - a scroll of silence {unknown}
 z - 4 scrolls of teleportation {unknown}
 E - a scroll of noise {unknown}
 I - a scroll of torment {unknown}
Potions
 b - 4 potions of lignification
 f - 3 potions of heal wounds
 h - a potion of berserk rage {unknown}
 l - 2 potions of attraction
 o - 3 potions of curing
 A - 2 potions of mutation
 C - a potion of degeneration {unknown}
 H - a potion of enlightenment {unknown}


   Skills:
 - Level 10.0 Fighting
 - Level 1.5 Dodging
 - Level 10.0 Unarmed Combat
 + Level 0.0 Invocations
 - Level 6.0 Shapeshifting


You had 9 spell levels left.
You didn't know any spells.
Your spell library contained the following spells:

 Spells                   Type           Power      Damage    Failure   Level
 Apportation              Tloc           0%         N/A       45%         1
 Magic Dart               Conj           0%         1d3       45%         1
 Blink                    Tloc           0%         N/A       58%         2
 Call Imp                 Summ           0%         N/A       58%         2
 Jinxbite                 Hex            0%         N/A       58%         2
 Lesser Beckoning         Tloc           0%         N/A       58%         2
 Gell's Gravitas          Tloc           0%         N/A       83%         3
 Teleport Other           Tloc           0%         N/A       83%         3
 Alistair's Intoxication  Alch           0%         N/A       100%        5


Dungeon Overview and Level Annotations

Branches:
Dungeon (10/15)            Temple (1/1) D:6
   Lair: D:8-11         Orc: D:9-12

Altars:
Ashenzari
Cheibriados
Dithmenos
Elyvilon
Fedhas
Gozag
Hepliaklqana
Kikubaaqudgha
Makhleb
Nemelex Xobeh
Okawaru
Qazlal
Ru
Sif Muna
Trog
Uskayaw
Vehumet
Wu Jian
Xom
Yredelemnul
Zin
The Shining One

Shops:
D:7 *

Annotations:
D:7 1 runed translucent door, Crazy Yiuf
D:8 2 transporters


Innate Abilities, Weirdness & Mutations

You are too large for most types of armour.
You have claws for hands.
Your natural rate of healing is unusually fast.
You are covered in fur. (AC +1)
You have tough skin. (AC +1)


Message History

You claw the wight!
You destroy the wight!
Makhleb accepts your kill.
You feel better.
Training target 10.0 for Fighting reached!
Your Fighting skill increases to level 10!
You need to enable at least one skill for training.
A gnoll sergeant comes into view. It is wielding a +1 spear of freezing.
You closely miss the troll. The troll closely misses you.
The troll barely misses you. The troll claws you but does no damage.
The wight hits you from afar with a +1 trident!
You feel drained.
You scratch the troll.
The troll is lightly wounded.
A vampire mosquito comes into view.
A gnoll comes into view. It is wielding a +0 flail.
The troll bites you.
The troll claws you. x2; The wight barely misses you.
You barely miss the troll.
The troll is lightly wounded.
A vampire mosquito comes into view.
You claw the troll!
The troll is moderately wounded.
The wight barely misses you.
A gnoll comes into view. It is wielding a +0 club.
The troll barely misses you. The troll claws you! The troll barely misses you.
You claw the troll!
The troll is heavily wounded.
The troll bites you. The troll barely misses you. The troll claws you.
A gnoll sergeant comes into view. It is wielding a +0 trident.
The wight misses you.
You closely miss the troll.
The troll is heavily wounded.
An ice beast comes into view.
The wight hits you from afar with a +1 trident.
You feel drained. The troll bites you!
* * * LOW HITPOINT WARNING * * *
The troll claws you!
* * * LOW HITPOINT WARNING * * *
The troll claws you!
You die...

#..................... .
#...###....###........ ..
#...# #....# #........
...#####...######## #........
............##....# #........
...........##.....###........
...........#.......#.........
....####<..##.....##.........
... #...###..@##..........
#...# ###T#...........
#...###.z5z.#.........
#....<.yzz.##....###..
#.....gy.g###....# ..
.....g..... .....#
......g..........#
.Y.............#
.........##.....


You could see a troll, 2 vampire mosquitoes, an ice beast, 2 gnoll sergeants, 4
wights, 2 gnolls and a white imp.

Vanquished Creatures
  A boulder beetle (D:9)
  Pikel (D:4)
  Maurice (D:7)
  Joseph (D:7)
  2 centaur simulacra (D:10)
  A wyvern (D:8)
  A wraith (D:9)
  2 unseen horror simulacra (D:10)
  A steam dragon (D:7)
  An acid dragon (D:8)
  A water moccasin (D:8)
  2 orc warriors
  4 ice beasts
  2 ogres
  A wolf (D:10)
  A centaur (D:8)
  A phantom (D:5)
  A lemure (D:4)
  8 bullfrogs
  A scorpion (D:6)
  9 wights
  11 killer bees
  4 orc priests
  4 hounds
  A sleepcap (D:8)
  A jelly (D:6)
  Ijyb (D:2)
  7 orc wizards
  2 iguanas
  Robin (D:2)
  5 adders
  A shadow imp (D:7)
  3 white imps
  A ribbon worm (D:3)
  36 orcs
  4 endoplasms
  2 giant cockroaches (D:1)
  20 goblins
  14 hobgoblins
  A jackal (D:5)
  4 quokkas
  3 ball pythons (D:1)
  5 bats
  2 frilled lizards
  7 kobolds
  6 rats
189 creatures vanquished.

Notes
Turn   | Place    | Note
-------+----------+-------------------------------------------
     0 | D:1      | Hawk2023 the Troll Shapeshifter began the quest for the
                  | Orb.
     0 | D:1      | Reached XP level 1. HP: 18/18 MP: 0/0
    89 | D:1      | Reached XP level 2. HP: 26/26 MP: 1/1
   721 | D:2      | Reached XP level 3. HP: 32/32 MP: 2/2
   753 | D:2      | Noticed Robin
   782 | D:2      | Killed Robin
   842 | D:2      | Noticed Ijyb
   866 | D:2      | Killed Ijyb
   867 | D:2      | Reached skill level 5 in Unarmed Combat
   867 | D:2      | Reached XP level 4. HP: 22/40 MP: 3/3
  1319 | D:2      | Found a white marble altar of Elyvilon.
  1676 | D:3      | Reached XP level 5. HP: 46/46 MP: 4/4
  1757 | D:3      | Identified the ring of Foteul {+Blink rC+ Will+ Dex+6}
  2262 | D:4      | Noticed a lemure
  2270 | D:4      | Noticed Pikel
  2270 | D:4      | Noticed a lemure
  2271 | D:4      | Noticed a lemure
  2275 | D:4      | Noticed a lemure
  2278 | D:4      | Killed a lemure
  2287 | D:4      | Killed Pikel
  2288 | D:4      | Reached XP level 6. HP: 27/54 MP: 5/5
  2288 | D:4      | Reached XP level 7. HP: 30/61 MP: 6/6
  2884 | D:4      | Found a radiant altar of Vehumet.
  2884 | D:4      | Found a hide-covered altar of Uskayaw.
  2891 | D:4      | Found a sacrificial altar of Ru.
  2893 | D:4      | Found a faded altar of an unknown god.
  2895 | D:4      | Found an opulent altar of Gozag.
  2942 | D:5      | Entered Level 5 of the Dungeon
  3637 | D:5      | Found a glowing golden altar of the Shining One.
  3719 | D:6      | Reached XP level 8. HP: 68/68 MP: 7/7
  3771 | D:6      | Reached skill level 10 in Unarmed Combat
  3771 | D:6      | Reached skill level 1 in Fighting
  3937 | D:6      | Found a staircase to the Ecumenical Temple.
  3977 | Temple   | Entered the Ecumenical Temple
  3984 | Temple   | Became a worshipper of Makhleb the Destroyer
  4292 | D:6      | You fall into a shaft and drop 1 floor!
  4292 | D:7      | Found Eeha's Eclectic Emporium.
  4388 | D:6      | Found an ornate altar of the Wu Jian Council.
  4388 | D:6      | Found a hazy altar of Hepliaklqana.
  4655 | D:7      | Noticed Joseph
  4667 | D:7      | Killed Joseph
  4668 | D:7      | Reached XP level 9. HP: 31/85 MP: 8/8
  4855 | D:7      | Noticed Maurice
  4881 | D:7      | Killed Maurice
  4882 | D:7      | Reached skill level 5 in Fighting
  4882 | D:7      | Reached skill level 5 in Shapeshifting
  5012 | D:7      | Identified the +4 ring mail "Pigoxe" {-Tele rC+++ Str+7
                  | Stlth-}
  5048 | D:7      | Reached * piety under Makhleb
  5094 | D:7      | Found a runed translucent door.
  5095 | D:7      | Noticed Crazy Yiuf
  5623 | D:8      | Found a transporter.
  5930 | D:8      | Reached XP level 10. HP: 82/104 MP: 9/9
  6106 | D:8      | Found a transporter.
  6389 | D:9      | Noticed a six-headed hydra
  6956 | D:9      | Reached ** piety under Makhleb
  6995 | D:9      | Noticed a boulder beetle
  7163 | D:9      | Killed a boulder beetle
  7432 | D:10     | Entered Level 10 of the Dungeon
  7487 | D:10     | Reached skill level 10 in Fighting
  7492 | D:10     | Slain by a troll

Illustrated notes

Levels and vault maps discovered:
D:1:      dpeg_arrival_arbitrary_a, layout_basic, minivault_11,
          minmay_small_reverse_x
D:2:      kennysheep_the_goblin_king, layout_loops_ring, basic_altar, uniq_robin
D:3:      layout_loops_ring
D:4:      layout_loops_ring, chequers_temple_overflow_minitemple,
          hangedman_abyss_or_decor_lesser_grid, uniq_pikel
D:5:      layout_gridville, tso_oasis_becter, minmay_splitting_lines,
          st_stairs_2
D:6:      layout_basic, nicolae_overflow_two_pavilions, temple_pool_b
D:7:      layout_basic, nicolae_alphabet_shops, hangedman_decor_clover_reticule,
          uniq_joseph, uniq_maurice, uniq_crazy_yiuf_cottage
D:8:      gammafunk_steamed_eel, layout_basic, chequers_arboretum
D:9:      layout_stronghold, nzn_sisyphean_effort
D:10:     cheibrodos_helix_gallery, layout_small_grid, serial_ice, serial_ice_l,
          serial_ice_c, serial_ice_h, serial_ice_e, serial_ice_d, serial_ice_b,
          serial_ice_m, kennysheep_big_empty_room, minivault_4,
          kennysheep_doodads
Temple:   nicolae_temple_no_exploring_needed

Skill      XL: |  1  2  3  4  5  6  7  8  9 10 |
---------------+-------------------------------+-----
Unarmed Combat | 4 5 8 9 10 | 10.0
Fighting       | 4 7 10 | 10.0
Shapeshifting  | 4 6 |  6.0
Dodging        | |  1.5

Action                     |  1- 3 |  4- 6 |  7- 9 | 10-12 || total
---------------------------+-------+-------+-------+-------++-------
  Melee: Unarmed           |    85 |    93 |   206 |   102 ||   486
         Punch             |     3 |     1 |     9 |     8 ||    21
Ability: Begin Untransform |       |       |       |     1 ||     1
  Evoke: Wand              |       |       |       |     2 ||     2
    Use: Scroll            |       |       |    10 |       ||    10
   Stab: Sleeping          |       |     1 |     1 |       ||     2
 Armour: Animal skin       |    55 |    44 |   113 |    36 ||   248
         Robe              |       |       |       |    34 ||    34
  Dodge: Dodged            |    27 |    34 |    84 |    40 ||   185
